 Dungeon Crawl Stone Soup version 0.22.1-1-ga44c0e5 (webtiles) character file.

74 MalarOregon the Chiller (level 4, 0/32 HPs)
             Began as a Merfolk Ice Elementalist on Nov 11, 2018.
             Slain by Sigmund
             ... wielding a +0 scythe
              (10 damage)
             ... on level 3 of the Dungeon.
             The game lasted 00:03:38 (2170 turns).

MalarOregon the Chiller (Merfolk Ice Elementalist)  Turns: 2170, Time: 00:03:40

Health: 0/32       AC:  3    Str:  8    XL:     4   Next: 30%
Magic:  1/7        EV: 13    Int: 15    God:
Gold:   122        SH:  0    Dex: 14    Spells: 7/8 levels left

rFire    . . .     SeeInvis .   g - +0 trident
rCold    . . .     Gourm    .   (no shield)
rNeg     . . .     Faith    .   a - +1 robe
rPois    .         Spirit   .   (no helmet)
rElec    .         Reflect  .   (no cloak)
rCorr    .         Harm     .   (no gloves)
MR       .....                  (no boots)
Stlth    ++........             (no amulet)
HPRegen  0.10/turn              (no ring)
MPRegen  0.10/turn              (no ring)

@: no status effects
A: change form in water, swift swim, stealthy swim
a: no special abilities


You were on level 3 of the Dungeon.
You were not hungry.

You visited 1 branch of the dungeon, and saw 3 of its levels.

You collected 122 gold pieces.

Inventory:

Hand Weapons
 g - a +0 trident (weapon)
   (You found it on level 2 of the Dungeon)
Armour
 a - a +1 robe (worn)
Potions
 b - a potion of lignification {unknown}
 c - a potion of curing {unknown}
 d - 2 potions of flight
 f - a potion of magic {unknown}
Comestibles
 e - 7 rations {!d}


   Skills:
 + Level 1.6 Fighting
 + Level 3.5 Dodging
 - Level 2.1 Stealth
 + Level 2.5 Spellcasting
   Level 0.7 Conjurations
 * Level 4.3 Ice Magic


You had 7 spell levels left.
You knew the following spells:

 Your Spells              Type           Power        Failure   Level  Hunger
a - Freeze                Ice            ##..         3%          1    #......

Your spell library contained the following spells:

 Spells                   Type           Power        Failure   Level  Hunger
 Throw Frost              Conj/Ice       #.....       12%         2    ###....
 Ozocubu's Armour         Chrm/Ice       #.......     26%         3    ###....
 Throw Icicle             Conj/Ice       #.......     58%         4    #####..
 Summon Ice Beast         Ice/Summ       #.......     65%         4    #####..


Dungeon Overview and Level Annotations

Branches:
Dungeon (3/15)

Altars:
Elyvilon
Okawaru
Sif Muna

Annotations:
D:3 Sigmund


Message History

You start resting.
Eating a chunk of flesh.
You eat the chunk of flesh.
You climb downwards.
Level annotation: Sigmund
There is a stone staircase leading up here.
Sigmund closely misses you.
Sigmund is too close now for your liking.
Attack whom?
Aim: Sigmund, wielding a scythe and wearing a robe You reach to attack!
The jackal barks!
You hit Sigmund but do no damage.
Attack whom?
Aim: Sigmund, wielding a scythe and wearing a robe You reach to attack!
You hit Sigmund.
Sigmund hits you from afar with a scythe.
Attack whom?
Aim: Sigmund, wielding a scythe and wearing a robe (lightly wounded)
You reach to attack!
You hit Sigmund but do no damage.
Sigmund points at you and mumbles some strange words.
The puff of flame hits you!
Attack whom?
Aim: Sigmund, wielding a scythe and wearing a robe (lightly wounded)
You reach to attack!
You hit Sigmund. Sigmund closely misses you.
Attack whom?
Aim: Sigmund, wielding a scythe and wearing a robe (moderately wounded)
You reach to attack!
You puncture Sigmund!
Sigmund hits you from afar with a scythe!
* * * LOW HITPOINT WARNING * * *
Sigmund barely misses you.
Aim: Sigmund, wielding a scythe and wearing a robe (heavily wounded)
You freeze Sigmund. The jackal closely misses you.
Sigmund hits you but does no damage.
Aim: Sigmund, wielding a scythe and wearing a robe (severely wounded)
You freeze Sigmund. The jackal misses you.
Aim: a jackal You freeze the jackal.
The jackal bites you but does no damage.
Sigmund closely misses you. The jackal barely misses you.
Aim: a jackal (heavily wounded)
You freeze the jackal.
You kill the jackal!
Sigmund screams, "I am the angel of ZOT!!!"
Sigmund hits you with a scythe.
* * * LOW HITPOINT WARNING * * *
Aim: Sigmund, wielding a scythe and wearing a robe (severely wounded)
You freeze Sigmund.
Aim: Sigmund, wielding a scythe and wearing a robe (almost dead)
You freeze Sigmund. Sigmund hits you with a scythe!
You die...

............
...........
..........#
..........###
...........#
######........+
.........÷....###
..........<.....#
........@######+#
......†@#####..
...............
####+##..........
#................
#................
#........)#####..
#.........+ .
#.........#


You could see Sigmund.

Vanquished Creatures
  A gnoll (D:1)
  2 adders (D:2)
  2 oozes
  A worm (D:2)
  2 leopard geckos (D:2)
  A goblin (D:2)
  9 hobgoblins
  4 jackals
  A kobold (D:2)
  3 bats
  4 rats
30 creatures vanquished.

Notes
Turn   | Place    | Note
-------+----------+-------------------------------------------
     0 | D:1      | MalarOregon the Merfolk Ice Elementalist began the quest
                  | for the Orb.
     0 | D:1      | Reached XP level 1. HP: 13/13 MP: 3/3
   123 | D:1      | Reached XP level 2. HP: 19/20 MP: 0/5
   516 | D:1      | Reached skill level 1 in Fighting
   526 | D:1      | Reached XP level 3. HP: 22/26 MP: 2/6
   901 | D:2      | Reached skill level 4 in Ice Magic
  1206 | D:2      | Reached XP level 4. HP: 18/32 MP: 0/7
  1542 | D:2      | Found a deep blue altar of Sif Muna.
  1615 | D:2      | Found a white marble altar of Elyvilon.
  1642 | D:2      | Found an iron altar of Okawaru.
  1779 | D:3      | Noticed Sigmund
  2170 | D:3      | Slain by Sigmund

Skill      XL: |  1  2  3 |
---------------+----------+-----
Dodging        | 3 |  3.5
Fighting       | 1 |  1.6
Ice Magic      | 4 |  4.3
Stealth        | |  2.1
Spellcasting   | |  2.5
Conjurations   | |  0.7

Action                   |  1- 3 |  4- 6 || total
-------------------------+-------+-------++-------
Melee: Unarmed           |     4 |       ||     4
       Trident           |    20 |    15 ||    35
 Cast: Freeze            |    41 |    20 ||    61
  Use: Scroll            |       |     2 ||     2
 Stab: Sleeping          |       |     3 ||     3
  Eat: Chunk             |     1 |     4 ||     5
Armor: Robe              |     7 |     5 ||    12
Dodge: Dodged            |    39 |    15 ||    54
